 Seeded DCSS version 0.29.1-1-gd02db6906a (webtiles) character file.

Game seed: 17195112358176230577 (custom seed)

54 GigaChad the Magician (level 3, 0/19 HPs)
             Began as a Deep Elf Conjurer on Sept 30, 2022.
             Slain by a giant cockroach (1 damage)
             ... on level 2 of the Dungeon.
             The game lasted 00:04:07 (1354 turns).

GigaChad the Magician (Deep Elf Conjurer)           Turns: 1354, Time: 00:04:08

Health: 0/19       AC:  4    Str:  4    XL:     3   Next: 66%
Magic:  11/11      EV: 12    Int: 24    God:
Gold:   46         SH:  0    Dex: 13    Spells: 9/12 levels left

rFire   . . .      SeeInvis .   c - +0 dagger
rCold   . . .      Faith    .   (no shield)
rNeg    . . .      Spirit   .   a - +1 robe
rPois   .          Reflect  .   (no helmet)
rElec   .          Harm     .   e - +0 cloak
rCorr   .          Rampage  .   (no gloves)
Will    .....                   (no boots)
Stlth   ++........              (no amulet)
HPRegen 0.06/turn               (no ring)
MPRegen 0.12/turn               (no ring)

@: no status effects
A: no striking features
a: no special abilities


You were on level 2 of the Dungeon.
You visited 1 branch of the dungeon, and saw 2 of its levels.

You collected 46 gold pieces.

Inventory:

Hand Weapons
 c - a +0 dagger (weapon)
Armour
 a - a +1 robe (worn)
 e - a +0 cloak (worn)
Scrolls
 d - 2 scrolls of enchant armour
 f - 3 scrolls of blinking
 g - a scroll of poison {unknown}
 h - a scroll of vulnerability {unknown}
 i - a scroll of magic mapping {unknown}
Potions
 b - a potion of magic


   Skills:
 - Level 2.6 Dodging
 - Level 2.4 Stealth
 + Level 5.0 Spellcasting
 - Level 4.7 Conjurations


You had 9 spell levels left.
You knew the following spells:

 Your Spells              Type           Power      Damage    Failure   Level
a - Magic Dart            Conj           100%       1d8       1%          1
b - Searing Ray           Conj           56%        2d6       1%          2

Your spell library contained the following spells:

 Spells                   Type           Power      Damage    Failure   Level
 Dazzling Flash           Conj/Hex       34%        N/A       10%         3
 Fulminant Prism          Conj/Hex       8%         3d7       32%         4
 Iskenderun's Mystic Bla  Conj/Tloc      17%        2d5       32%         4


Dungeon Overview and Level Annotations

Branches:
Dungeon (2/15)

Altars:


Message History

You are too injured to fight recklessly!
You are too injured to fight recklessly!
You are too injured to fight recklessly!
You see here a giant cockroach corpse.
The giant cockroach barely misses you.
Things that are here:
a giant cockroach corpse; a giant cockroach corpse; a giant cockroach corpse You hit the giant cockroach.
You kill the giant cockroach!
The giant cockroach closely misses you.
The giant cockroach bites you but does no damage. x2
The giant cockroach completely misses you.
The giant cockroach barely misses you.
You hit the giant cockroach.
The giant cockroach is heavily wounded.
The giant cockroach misses you.
You barely miss the giant cockroach.
The giant cockroach is heavily wounded.
The giant cockroach barely misses you.
You barely miss the giant cockroach.
The giant cockroach is heavily wounded.
The giant cockroach bites you but does no damage. x2
You closely miss the giant cockroach.
The giant cockroach is heavily wounded.
The giant cockroach completely misses you.
You hit the giant cockroach.
The giant cockroach is severely wounded.
The giant cockroach barely misses you.
You hit the giant cockroach but do no damage.
The giant cockroach is severely wounded.
The giant cockroach bites you.
* * * LOW HITPOINT WARNING * * *
You completely miss the giant cockroach.
The giant cockroach is severely wounded.
The giant cockroach waves its antennae.
The giant cockroach bites you but does no damage.
You closely miss the giant cockroach.
The giant cockroach is severely wounded.
The giant cockroach barely misses you. The giant cockroach bites you.
You die...

#............###.....
..######....#########
##....###.....>...†.
##.....$##.####.#####
#........#..........#
#........######.###.#
#........#...........
#.......)#.####.###.#
##..@...##.#.....##.#
##.B..###.#.##..##.#
#†#### #.#.#......#
#†######.#.........
#.....##.#.........
##....#............
#.......#.........
#.....#.#.........
#.....#.#.........


You could see a giant cockroach.

Vanquished Creatures
  A worm (D:2)
  A dart slug (D:1)
  5 ball pythons
  A bat (D:1)
  3 endoplasms (D:1)
  13 giant cockroaches
  6 goblins
  3 hobgoblins (D:1)
  A quokka (D:1)
  A frilled lizard (D:1)
  3 kobolds
  3 rats
41 creatures vanquished.

Notes
Turn   | Place    | Note
-------+----------+-------------------------------------------
     0 | D:1      | GigaChad the Deep Elf Conjurer began the quest for the Orb.
     0 | D:1      | Reached XP level 1. HP: 10/10 MP: 6/6
   236 | D:1      | Reached XP level 2. HP: 15/15 MP: 5/8
   639 | D:1      | Reached skill level 4 in Spellcasting
   835 | D:1      | Reached XP level 3. HP: 19/19 MP: 8/10
  1078 | D:2      | Learned a level 2 spell: Searing Ray
  1300 | D:2      | Reached skill level 5 in Spellcasting
  1354 | D:2      | Slain by a giant cockroach

Illustrated notes

Levels and vault maps discovered:
D:1:      giann_wishing_wells, layout_basic
D:2:      minmay_roachtagon, layout_basic, shapermc_ecumenical_altar_mp_vishouse

Skill      XL: |  1  2  3 |
---------------+----------+-----
Spellcasting   | 4 5 |  5.0
Dodging        | |  2.6
Stealth        | |  2.4
Conjurations   | |  4.7

Action                   || total
-------------------------++-------
Melee: Unarmed           ||     3
       Dagger            ||    91
 Cast: Magic Dart        ||    64
       Searing Ray       ||     1
  Use: Scroll            ||     2
Armor: Robe              ||    39
Dodge: Dodged            ||    77
